AoeStats
← 客官

Arabia

509361287Analyzed
4v4 RM · 7d ago on Sep 26, 2026· 28m 29s· 8 players
Game mode
Random Map
Map size
Large (8 player)
Population
200
Speed
Normal
Resources
Standard
Victory
Conquest
Starting age
Dark Age
Ending age
Imperial Age
RankedLock teamsTeams togetherTeam positionsShared explorationLock speedFull tech treeHidden civsTurbo modeCheats
Victory
Defeat
🇭🇰 Saxons · Hong Kong SAR China
1539
+12
🇮🇳 Huns · India
1505
+14
🇭🇰 Persians · Hong Kong SAR China
1429
+17
🇦🇷 Britons · Argentina
1425
+17
🇲🇴 Shu · Macao SAR China
1512
-18
🇬🇧 Sicilians · United Kingdom
1455
-15
🇭🇰 Varangians · Hong Kong SAR China
1436
-14
🇨🇳 Magyars · China
1414
-13
Lugal
6:33 Loom
9:19 Feudal Age
10:21 Man-at-Arms
11:53 Double-Bit Axe
17:39 Fletching
21:46 Horse Collar
25:20 Castle Age
27:01 Gold Mining
28:26 Bodkin Arrow
屁屁人
7:41 Loom
9:56 Feudal Age
13:47 Double-Bit Axe
14:32 Fletching
19:17 Padded Archer Armor
25:14 Castle Age
23:46 Horse Collar
24:03 Gold Mining
24:46 Stone Mining
25:53 Bodkin Arrow
25:21 Crossbowman
28:59 Wheelbarrow
客官
6:55 Loom
9:14 Feudal Age
9:50 Double-Bit Axe
13:30 Wheelbarrow
14:42 Scale Barding Armor
15:01 Town Watch
21:28 Castle Age
19:23 Horse Collar
20:17 Gold Mining
21:16 Bloodlines
22:53 Chain Barding Armor
22:53 Husbandry
LiBi
6:19 Loom
8:52 Feudal Age
9:22 Double-Bit Axe
20:14 Castle Age
21:18 Scale Barding Armor
24:25 Bloodlines
24:46 Bow Saw
27:22 Husbandry
Andy
6:01 Loom
8:55 Feudal Age
15:18 Fletching
21:41 Castle Age
19:55 Double-Bit Axe
20:44 Gold Mining
21:27 Horse Collar
21:57 Crossbowman
23:01 Bodkin Arrow
24:00 Ballistics
26:36 Bow Saw
27:18 Heavy Plow
Issue
6:48 Loom
9:40 Feudal Age
10:16 Double-Bit Axe
10:34 Horse Collar
18:25 Wheelbarrow
20:26 Scale Barding Armor
23:26 Castle Age
21:53 Scale Barding Armor
22:16 Bloodlines
22:45 Forging
22:26 Gold Mining
24:09 Husbandry
24:30 Chain Barding Armor
25:55 Bow Saw
27:52 Iron Casting
勤奮的兔兔
8:46 Feudal Age
9:09 Double-Bit Axe
9:04 Horse Collar
10:55 Loom
16:25 Wheelbarrow
16:51 Scale Barding Armor
17:06 Bloodlines
17:44 Forging
22:02 Castle Age
20:01 Gold Mining
22:51 Chain Barding Armor
21:53 Light Cavalry
24:14 Bow Saw
24:41 Gold Shaft Mining
28:55 Heavy Plow
28:49 Stone Mining
中國香港玩家
6:42 Loom
8:56 Feudal Age
9:27 Double-Bit Axe
13:02 Fletching
16:35 Horse Collar
23:01 Castle Age
21:35 Gold Mining
23:06 Crossbowman
23:42 Bodkin Arrow
23:57 Bow Saw
25:10 Ballistics
24:52 Padded Archer Armor
Connection lost

Rejoining the realm…

Still unreachable

The connection could not be restored.

Session expired

The server has moved on; the page needs a fresh start.